[Event "FIDE Womens Candidates Pool-B 2022-23"]
[Site "Khiva"]
[Date "2022.11.29"]
[Round "1.1"]
[White "Kosteniuk, Alexandra"]
[Black "Goryachkina, Aleksandra"]
[Result "1/2-1/2"]
[ECO "C65"]
[WhiteElo "2521"]
[BlackElo "2584"]
[Annotator "TA"]
[PlyCount "81"]
[EventDate "2022.11.28"]
[EventType "k.o."]
[EventCountry "UZB"]
[SourceTitle "playchess.com"]
[Source "ChessBase"]
[SourceQuality "1"]
[TimeControl "40/5400+30:1800+30"]

1. e4 e5 2. Nf3 Nc6 3. Bb5 Nf6 4. d3 Bc5 5. Bxc6 dxc6 6. Nbd2 {[%emt 0:00:58] C65: Ruy Lopez: Berlin Defence (3...Nf6), unusual lines and 4 0-0 Bc5.} Nd7 7. O-O O-O 8. Nc4 Re8 9. Kh1 {[%emt 0:01:04] [#]} b6 $146 ({Predecessor:} 9... Bf8 10. Ng1 Nc5 11. Ne2 a5 12. Ng3 b5 13. Ne3 a4 14. Nef5 Re6 15. f4 exf4 16. Bxf4 {1-0 (61) Caruana,F (2835)-Petrosyan,M (2607) Chess.com INT 2020}) 10. Ng1 Nf8 11. Ne2 Ng6 12. Ng3 Be6 {[%emt 0:02:55] Black wants to play ...Bxc4.} 13. Ne3 f6 14. Ngf5 Qd7 15. Qf3 Kh8 16. Rg1 Nf4 17. g3 (17. Rd1 $11 {feels stronger.}) 17... Nh3 $15 18. Rf1 Ng5 19. Qe2 Nf7 20. b3 ({Not} 20. Qg4 $2 g6 21. Qh4 gxf5 $19) 20... Nd6 21. Nh4 Nb5 22. Bb2 Bd4 23. Bxd4 Nxd4 24. Qd1 c5 25. c3 Nc6 26. Qe2 (26. Qc2 $15) 26... a5 $17 27. f4 a4 {[%emt 0:03:47] White must now prevent ...Rad8.} 28. Rab1 axb3 29. axb3 Red8 30. Rfd1 Ra3 (30... exf4 $17 31. gxf4 Ra3) 31. Qc2 b5 32. Nf3 (32. f5 $17 {was worth a try.} Bf7 33. Nf3) 32... Qf7 (32... exf4 $19 33. gxf4 Qd6) 33. Nd2 (33. Qc1 $17 Rda8 34. Rg1) 33... exf4 $19 34. gxf4 f5 $2 {[%emt 0:00:26] [#]} (34... Qh5 $19 {...Qe2 is the strong threat.} 35. Ng2 Rda8) 35. exf5 (35. Rg1 {seems wilder.} fxe4 36. Nxe4 Qxf4 37. Qg2) 35... Bxf5 36. Nxf5 {[%emt 0:00:03] The position is equal.} Qxf5 37. Ne4 Ne7 ({Don't play} 37... Qxf4 38. Qg2 Ne5 39. Nxc5 $11) 38. Qf2 Ng6 39. Qxc5 Qxc5 40. Nxc5 Nxf4 41. Ra1 {[%emt 0:06:48] Weighted Error Value: White=0.17 (very precise) /Black=0.18 (very precise)} 1/2-1/2

[Event "FIDE Womens Candidates Pool-B 2022-23"]
[Site "Khiva"]
[Date "2022.11.29"]
[Round "1.1"]
[White "Tan, Zhongyi"]
[Black "Lagno, Kateryna"]
[Result "1/2-1/2"]
[ECO "D35"]
[WhiteElo "2514"]
[BlackElo "2563"]
[Annotator "TA"]
[PlyCount "79"]
[EventDate "2022.11.28"]
[EventType "k.o."]
[EventCountry "UZB"]
[SourceTitle "playchess.com"]
[Source "ChessBase"]
[SourceQuality "1"]
[TimeControl "40/5400+30:1800+30"]

1. d4 d5 2. c4 e6 3. Nc3 Nf6 4. cxd5 exd5 5. Bg5 c6 6. e3 h6 7. Bh4 Be7 8. Bd3 O-O 9. Nge2 {[%emt 0:05:19] D35: Queen's Gambit Declined: Exchange Variation.} Ne8 10. Bg3 Nd6 11. Qc2 {[%emt 0:00:22] White is slightly better.} a5 12. O-O Na6 13. a3 {[%emt 0:00:11] Inhibits Nb4.} Re8 {[%emt 0:00:17] [#]} 14. Rad1 $146 ({Predecessor:} 14. f3 Nc4 15. Bf2 b5 16. e4 Rb8 17. exd5 cxd5 18. Nf4 Nc7 19. Rfe1 Bb7 20. Kh1 {0-1 (43) Daghli,A (2432)-Tahbaz,A (2436) Sari 2022}) 14... Bf8 15. h3 Bd7 16. Rfe1 b5 17. Nc1 b4 18. axb4 (18. Na4 {with more complications.} bxa3 19. Bxd6 axb2 20. Bh7+) 18... Nxb4 19. Qb1 Nxd3 20. Nxd3 Bf5 21. Qa2 {[%emt 0:07:06] Against a4} Bxd3 (21... a4 $15) 22. Rxd3 $11 Nf5 23. Bf4 Bd6 24. Ne2 Bb4 25. Rc1 Rc8 26. Qa4 Qb6 27. Qc2 c5 28. Rdd1 Qe6 {[%emt 0:00:17] [#] Threatens to win with ...cxd4.} 29. dxc5 Rxc5 30. Qd3 Rec8 31. Rxc5 Rxc5 32. Bh2 (32. Kf1 {seems wilder.} h5 33. Bb8 Qe4 34. Nf4) 32... Qe4 33. Qxe4 dxe4 34. Ng3 Nxg3 35. Bxg3 {[%emt 0:00:04] KRB-KRB} f6 36. Bd6 Rb5 (36... Rc2 $17 37. Bxb4 axb4) 37. Bxb4 {[%emt 0:00:12] The position is equal.} Rxb4 38. Rd2 Kf7 39. g4 g5 40. Kg2 {[%emt 0:00:06] Weighted Error Value: White=0.11 (very precise) /Black=0.10 (very precise)} 1/2-1/2

[Event "FIDE Womens Candidates Pool-B 2022-23"]
[Site "Khiva"]
[Date "2022.11.30"]
[Round "1.2"]
[White "Goryachkina, Aleksandra"]
[Black "Kosteniuk, Alexandra"]
[Result "1/2-1/2"]
[ECO "C88"]
[WhiteElo "2584"]
[BlackElo "2521"]
[Annotator "TA"]
[PlyCount "72"]
[EventDate "2022.11.28"]
[EventType "k.o."]
[EventCountry "UZB"]
[SourceTitle "playchess.com"]
[Source "ChessBase"]
[SourceQuality "1"]
[TimeControl "40/5400+30:1800+30"]

1. e4 e5 2. Nf3 Nc6 3. Bb5 a6 4. Ba4 Nf6 5. O-O Be7 6. Re1 b5 7. Bb3 O-O 8. a4 Bb7 9. d3 d6 10. Bd2 b4 11. c3 Rb8 $1 {[%emt 0:09:16][%mdl 4] now scores much better than the old 11...bxc3. C88: Closed Ruy Lopez: Anti-Marshall Systems.} 12. cxb4 Ba8 13. b5 $1 axb5 {[%emt 0:00:14] [#] White is slightly better.} 14. axb5 $146 ({Predecessor:} 14. a5 Nd4 15. Nxd4 exd4 16. Bf4 c5 17. Nd2 Rb7 18. e5 dxe5 19. Bxe5 Ra7 20. Bxf6 Bxf6 {½-½ (46) Rogulj,B (2427)-Rogic,D (2505) Austria 2000}) 14... Rxb5 15. Nc3 Rb8 16. Nd5 Nxd5 17. exd5 Nd4 18. Nxd4 exd4 19. Qc2 Bg5 {[%emt 0:19:17] [#] aiming for ...Bxd2. The position is equal.} 20. Ba5 Qd7 21. Ba4 ({Of course not} 21. Bxc7 {[#]} Rxb3 $1 22. Qxb3 Qxc7 $17) 21... Qf5 22. Bc6 (22. Bxc7 {is more complex.} Rbc8 23. Bb3 Bxd5 24. Ra5) 22... Bxc6 23. dxc6 Rfc8 24. b4 h5 25. Qe2 Bf6 26. Rac1 g6 27. g3 Kg7 28. Qe4 Qb5 29. h4 Ra8 30. Qf3 Ra6 31. Rc4 Be5 32. Qg2 Ra7 33. Qh3 Rd8 34. Qg2 Rc8 35. Qh3 Rd8 36. Qg2 Rc8 {[%emt 0:00:15] Weighted Error Value: White=0.03 (flawless) /Black=0.01 (flawless)} 1/2-1/2

[Event "FIDE Womens Candidates Pool-B 2022-23"]
[Site "Khiva"]
[Date "2022.11.30"]
[Round "1.2"]
[White "Lagno, Kateryna"]
[Black "Tan, Zhongyi"]
[Result "1/2-1/2"]
[ECO "B52"]
[WhiteElo "2563"]
[BlackElo "2514"]
[Annotator "TA"]
[PlyCount "67"]
[EventDate "2022.11.28"]
[EventType "k.o."]
[EventCountry "UZB"]
[SourceTitle "playchess.com"]
[Source "ChessBase"]
[SourceQuality "1"]
[TimeControl "40/5400+30:1800+30"]

1. e4 c5 2. Nf3 d6 3. Bb5+ Bd7 4. Bxd7+ Qxd7 5. O-O Nc6 6. c3 Nf6 7. Re1 e6 8. d4 cxd4 9. cxd4 d5 10. e5 Ne4 11. Re3 {[%emt 0:00:18] B52: Sicilian: Moscow Variation with 3...Bd7.} Be7 12. Nc3 Nxc3 13. bxc3 O-O 14. Ne1 {[%emt 0:00:41] [#]} f6 $146 ({Predecessor:} 14... Rfc8 15. Rh3 g6 16. Qd2 Bf8 17. Qg5 Qe7 18. Qg4 Qd8 19. Nf3 Bg7 20. Ng5 h6 21. Nxe6 {½-½ (54) Altman,J-Tsoi,D (1853) Maribor 2012}) 15. exf6 Rxf6 16. Re2 b5 (16... Rf5 $11 {keeps the balance.}) 17. Bg5 $16 Rf7 18. Bxe7 Rxe7 19. Nd3 a5 20. Rb1 {[%emt 0:29:09][%cal Ba1b1,Bb1b3,Bb3e3][%mdl 32] Inhibits b4.} b4 $1 21. cxb4 Nxd4 22. Re1 {[%emt 0:04:18] [#] aiming for Nc5.} Nb5 $1 {[%emt 0:00:41] Hoping for ...Nc3.} 23. Qg4 {[%emt 0:14:41] And now bxa5 would win. The position is equal.} Nc3 24. Rb3 axb4 25. Qxb4 Ne4 26. f3 Qa7+ 27. Kh1 Nf2+ 28. Nxf2 Qxf2 29. Rbe3 Rxa2 {[%emt 0:01:39][%csl Ga2][%cal Rf2g2] [#]} 30. Qb8+ Kf7 31. Qf4+ Kg8 32. Qb8+ Kf7 33. Qf4+ Kg8 34. Qb8+ {[%emt 0:00:12] Weighted Error Value: White=0.03 (flawless) /Black=0.06 (flawless)} 1/2-1/2

[Event "FIDE Womens Candidates Pool-B 2022-23"]
[Site "Khiva"]
[Date "2022.12.02"]
[Round "1.3"]
[White "Kosteniuk, Alexandra"]
[Black "Goryachkina, Aleksandra"]
[Result "0-1"]
[ECO "C50"]
[WhiteElo "2521"]
[BlackElo "2584"]
[Annotator "TA"]
[PlyCount "124"]
[EventDate "2022.11.28"]
[EventType "k.o."]
[EventCountry "UZB"]
[SourceTitle "playchess.com"]
[Source "ChessBase"]
[SourceQuality "1"]
[TimeControl "40/5400+30:1800+30"]

1. e4 e5 2. Nf3 Nc6 3. Bc4 Bc5 4. d3 Nf6 5. Nc3 h6 6. h3 d6 7. Na4 Bb6 {[%emt 0:00:54] C50: Hungarian Defence and Giuoco Pianissimo.} 8. a3 Be6 9. Bxe6 fxe6 {[%emt 0:00:05] The position is equal.} 10. O-O O-O 11. b4 {[%emt 0:00:55] is the new trend.} Qe8 12. c3 {[%emt 0:00:43] [#]} Kh8 $5 $146 {[%emt 0:02:54][%mdl 8] New and interesting.} ({Predecessor:} 12... Nh5 13. Kh2 Qf7 14. Nxb6 axb6 15. a4 Nf4 16. Ra2 b5 17. Ne1 Qh5 18. f3 Ra6 {1-0 (47) Abdusattorov,N (2688)-Oparin,G (2683) Chess.com INT 2022}) 13. Ra2 Qf7 14. Re1 Rad8 15. Nxb6 axb6 16. a4 Ne7 17. a5 Ra8 18. Qb3 bxa5 19. Rxa5 (19. bxa5 $5 Nc6 20. Qxb7 Nxa5 21. Qb2 $14) 19... Ng6 20. d4 Nd7 21. Be3 b6 22. Ra2 Rxa2 23. Qxa2 exd4 24. cxd4 Nf6 25. Qc2 Nh5 (25... Ra8 $11) 26. Rc1 Nhf4 {[%emt 0:03:16][%cal Of4g2] Strongly threatening ...Nxg2!} 27. Ne1 {[%emt 0:01:11] White wants to play Kh2.} d5 {[%emt 0:13:18] [#]} (27... Nh4 $1 $11 {remains equal.}) 28. Kh2 ({White should play} 28. e5 $1 $16) 28... dxe4 $11 29. Qxe4 Nd5 30. Nd3 Qf5 31. Qxf5 exf5 32. Rc6 Rf6 33. Rxf6 Nxf6 {[%emt 0:00:05][%mdl 4096] Endgame KBN-KNN} 34. Bd2 Kg8 35. f3 Kf7 36. Ne5+ Nxe5 37. dxe5 {[%emt 0:00:02] KB-KN} Nd5 38. f4 Ke6 39. Kg3 Ne7 40. Kf3 Kd5 41. g4 g6 {[%emt 0:02:20] White must now prevent ...Nc6.} 42. Be1 $2 {[%emt 0:06:22][%mdl 8192] This move loses the game for White.} (42. Kg3 $1 $15) 42... Nc6 $19 43. gxf5 gxf5 44. Ke3 {[%emt 0:00:36] [#]} Kc4 45. Ke2 $2 (45. e6 Kd5 46. b5) 45... Nd4+ (45... Nxb4 46. Bxb4 Kd5 47. Bf8 $18) 46. Ke3 Ne6 47. Bd2 Kb3 {[%emt 0:07:12] Hoping for ...c5.} 48. Ke2 Kc2 49. Ke1 c5 50. b5 Kd3 51. Ba5 Kc4 (51... bxa5 $2 52. b6 Nd8 53. e6 Nxe6 54. b7 $18) (51... Nxf4 $2 {loses.} 52. Bxb6 Kc4 53. Ba5 Kxb5 54. Bd2 $17) 52. Bxb6 Kxb5 {[%emt 0:00:07] Black mates.} 53. Ba7 Nxf4 54. Kd2 Kc4 (54... Nxh3 $2 {too greedy.} 55. e6 Ng5 56. e7 Ne4+ 57. Kd3 $17) 55. Bb8 Kd5 ({And not} 55... Nxh3 56. e6 Ng5 57. e7 Ne4+ 58. Ke3 $11) 56. h4 h5 57. Ba7 Kd4 58. Bb8 Ne6 59. Kc2 Ke3 60. Kc3 f4 61. Kc4 f3 62. Kd5 Nf4+ {[%emt 0:01:00] Weighted Error Value: White=0.60/Black=0.15 (very precise)} 0-1

[Event "FIDE Womens Candidates Pool-B 2022-23"]
[Site "Khiva"]
[Date "2022.12.02"]
[Round "1.3"]
[White "Tan, Zhongyi"]
[Black "Lagno, Kateryna"]
[Result "1/2-1/2"]
[ECO "D39"]
[WhiteElo "2514"]
[BlackElo "2563"]
[Annotator "TA"]
[PlyCount "96"]
[EventDate "2022.11.28"]
[EventType "k.o."]
[EventCountry "UZB"]
[SourceTitle "playchess.com"]
[Source "ChessBase"]
[SourceQuality "1"]
[TimeControl "40/5400+30:1800+30"]

1. d4 d5 2. c4 e6 3. Nf3 Nf6 4. Nc3 dxc4 5. e4 Bb4 6. Bg5 h6 7. Bxf6 Qxf6 8. Bxc4 c5 (8... O-O {simplifies} 9. e5 Qe7 10. O-O Bxc3 11. bxc3 c5) 9. O-O {[%emt 0:02:29] D39: Queen's Gambit Declined: Ragozin Defence with 5 Bg5 dxc4.} cxd4 10. Nb5 {[%emt 0:00:48] Nc7+ is the strong threat.} Qd8 {[%emt 0:23:11] Inhibits Nc7+.} 11. Qa4 {[%emt 0:23:17] White is slightly better.} Nc6 12. Nbxd4 Qa5 13. Bb5 {[%emt 0:00:24] [#]} (13. Qxa5 {simplifies} Bxa5 14. Bb5 Bd7 15. Bxc6 bxc6 16. Rac1) 13... Bd7 $146 ({Predecessor:} 13... Qxa4 14. Bxa4 Bd7 15. Nxc6 Bxc6 16. Bxc6+ bxc6 17. Rac1 Rc8 18. Rc4 Bd6 19. Rfc1 Kd7 {1-0 (52) Johansson,G (2212)-Ytterberg,F (1864) Gothenburg 2018}) 14. Rfd1 Qxa4 15. Bxa4 Nb8 16. Bxd7+ Nxd7 17. Rac1 Nf6 18. Nb3 O-O 19. Rd4 Be7 20. a4 Rac8 21. Rdc4 Rxc4 22. Rxc4 Rd8 {[%emt 0:00:14] ( -> ...Rd1+)} 23. Nfd2 Nd7 24. Rc7 {[%emt 0:03:02] [#]} (24. Kf1 $11) 24... Nc5 $1 $17 25. Nxc5 Rxd2 26. f3 Bxc5+ 27. Rxc5 Rxb2 {[%emt 0:00:04][%mdl 4096] Endgame KR-KR} 28. h4 {[%emt 0:00:06] [#]} g6 $1 29. Kh2 Kg7 30. Kg3 Rb4 (30... b6 $19 31. Rc7 a5) 31. a5 b6 32. axb6 axb6 ({Not} 32... Rxb6 33. Ra5 $15) 33. Rc7 e5 ({Better is} 33... b5 $17 34. Kf4 Kf6) 34. Rb7 {[%emt 0:07:59] [#]} (34. h5 $15) 34... Kf6 (34... h5 $1 $17 35. Re7 Kf6) 35. h5 $1 $15 gxh5 36. Kh4 Kg6 {[%emt 0:01:07] Strongly threatening ...Rb1.} 37. Rb8 (37. Re7 $1 $15) 37... Rb1 ({Black should try} 37... f5 $19 38. Rg8+ Kf7) 38. Rg8+ $1 Kf6 (38... Kh7 $15 39. Rb8 Rb2 40. Kxh5 Rxg2 41. Rxb6 Kg7) 39. Kxh5 $11 b5 40. Rb8 {[%emt 0:00:47] The position is equal.} Rh1+ 41. Kg4 h5+ 42. Kg3 Rb1 43. Kh4 $1 Kg6 44. Rg8+ Kh6 45. Rh8+ Kg7 46. Rb8 Kg6 47. Rg8+ Kh6 48. Rh8+ Kg6 {[%emt 0:00:00] Black had all chances to win.   Weighted Error Value: White=0.14 (very precise) /Black=0.14 (very precise)} 1/2-1/2

[Event "FIDE Womens Candidates Pool-B 2022-23"]
[Site "Khiva"]
[Date "2022.12.04"]
[Round "1.5"]
[White "Tan, Zhongyi"]
[Black "Lagno, Kateryna"]
[Result "1-0"]
[ECO "D23"]
[WhiteElo "2514"]
[BlackElo "2563"]
[Annotator "TA"]
[PlyCount "77"]
[EventDate "2022.11.28"]
[EventType "k.o."]
[EventCountry "UZB"]
[SourceTitle "playchess.com"]
[Source "ChessBase"]
[SourceQuality "1"]
[TimeControl "900+10"]

1. d4 d5 2. c4 e6 3. Nf3 Nf6 4. Nc3 dxc4 5. Qa4+ Nc6 6. a3 {[%emt 0:00:01] D23: Queen's Gambit Accepted: 3 Nf3 Nf6 sidelines.} Bd7 7. Qxc4 Bd6 8. Bg5 {[%emt 0:00:06] [#] White is slightly better.} h6 $146 ({Predecessor:} 8... O-O 9. e3 e5 10. d5 Ne7 11. Bxf6 gxf6 12. Ne4 Ng6 13. Nfd2 Be7 14. g4 b5 {½-½ (24) Dreev,A (2655)-Smirnov,P (2623) Ramenskoe 2006}) 9. Bh4 O-O 10. e4 e5 $1 11. d5 $1 Na5 12. Qd3 (12. Qa2 $5 ) 12... Nb3 13. Rd1 a5 14. Be2 (14. Qc2 $5 a4 15. Bc4 $11) 14... Qe7 (14... Rb8 $5 ) 15. O-O a4 16. h3 Ra5 17. Nd2 Nd4 18. Nc4 Rc5 19. f4 {[%emt 0:00:32] Against g5} (19. Nxd6 $14 cxd6 20. f4) 19... Nxe2+ 20. Qxe2 exf4 (20... Rxc4 $1 $11 {feels stronger.} 21. Qxc4 exf4) 21. Bxf6 (21. Nxd6 {is interesting.} cxd6 22. Rxf4 g5 23. e5) 21... gxf6 (21... Qxf6 $11 22. e5 Qg6) 22. Nxd6 $16 Qxd6 23. Qh5 (23. Qd2 $142) 23... Qe5 (23... Kh7 $16 {might work better.}) 24. Qh4 $18 ({Much less strong is} 24. Qxh6 Qg5 25. Qxg5+ fxg5 $16) 24... Qg5 25. Qxf4 Kg7 26. Qf2 Rc4 27. Rd3 Qe5 28. Kh1 {[%emt 0:01:35][%cal Od5d6] Prevents f5. Strongly threatening d6!} f5 29. exf5 {[%emt 0:00:29] Re3 is the strong threat.} Qf6 $2 (29... Re8 $16 {keeps fighting.} 30. f6+ Kh8) 30. d6 Bc6 31. dxc7 {[%emt 0:00:04] Black must now prevent Rfd1.} Kh7 {[%emt 0:00:04] [#]} 32. Rfd1 (32. Nd1 $1 $18 ) 32... Rg8 $2 {[%emt 0:00:39][%mdl 8192] [#]} (32... Rc8 $16 33. Rd6 Qg5) 33. Rg3 $1 {[%emt 0:00:58] aiming for Rxg8.} Rc8 34. Qe2 $2 (34. Rd8 $18 {and the rest is easy.} Rxc7 35. Qd2) 34... Rh4 $2 (34... Rxc7 $16 35. Kh2 (35. Qxc4 $2 {too greedy.} Bxg2+ 36. Rxg2 Rxc4 $19) 35... Rf4) 35. Nd5 Bxd5 36. Rxd5 Rxc7 37. Qe8 h5 38. Rd8 Rc1+ 39. Kh2 {[%emt 0:00:02] Weighted Error Value: White=0.25 (precise) /Black=0.61} 1-0

[Event "FIDE Womens Candidates Pool-B 2022-23"]
[Site "Khiva"]
[Date "2022.12.04"]
[Round "1.6"]
[White "Lagno, Kateryna"]
[Black "Tan, Zhongyi"]
[Result "1/2-1/2"]
[ECO "B31"]
[WhiteElo "2563"]
[BlackElo "2514"]
[Annotator "TA"]
[PlyCount "86"]
[EventDate "2022.11.28"]
[EventType "k.o."]
[EventCountry "UZB"]
[SourceTitle "playchess.com"]
[Source "ChessBase"]
[SourceQuality "1"]
[TimeControl "900+10"]

1. e4 c5 2. Nf3 Nc6 3. Bb5 g6 4. O-O Bg7 5. d3 d6 6. c3 {[%emt 0:00:07] B31: Sicilian: 2...Nc6 3 Bb5 g6.} Nf6 7. d4 (7. e5 $14 dxe5 8. Nxe5) 7... O-O $11 8. d5 Nb8 9. Re1 e6 {[%emt 0:00:34] [#]} 10. h3 $146 ({Predecessor:} 10. dxe6 Bxe6 11. Na3 h6 12. Bf4 d5 13. exd5 Nxd5 14. Bg3 Nc6 15. Bxc6 bxc6 16. Ne5 {½-½ (77) Torre,E (2535)-Gelfand,B (2665) Yerevan 1996}) 10... exd5 11. exd5 a6 12. Bf1 b5 13. a4 Bb7 (13... b4 {simplifies} 14. cxb4 cxb4 15. Nbd2 Bb7) 14. Bg5 Nbd7 15. axb5 axb5 16. Rxa8 Qxa8 17. Bxb5 Bxd5 18. Nbd2 Rb8 19. Qe2 Bc6 20. Bxc6 Qxc6 21. Nc4 Re8 22. Qd1 Rxe1+ 23. Qxe1 d5 24. Nce5 Nxe5 25. Qxe5 h6 26. Qb8+ Kh7 (26... Qe8 {simplifies} 27. Qxe8+ Nxe8 28. Be3 c4) 27. Bf4 Ne4 28. Be5 f6 29. Bc7 Qa4 (29... d4 $5 ) 30. Bg3 {[%emt 0:00:46] The position is equal.} d4 31. cxd4 $1 cxd4 32. Qd8 Qd1+ 33. Kh2 d3 34. Qd5 Nd2 35. Nxd2 Qxd2 {[%emt 0:00:01][%mdl 4096] Endgame KQB-KQB} 36. b4 Qc2 {[%emt 0:00:22] [#] And now ...d2 would win.} 37. b5 $1 d2 38. b6 d1=Q (38... d1=B $2 39. b7 Qb3 40. Qd7 $18 (40. b8=R $2 {too greedy.} Qxd5 41. Rb6 Ba4 $19)) 39. Qxd1 Qxd1 40. b7 Qb3 41. b8=Q Qxb8 42. Bxb8 g5 43. g4 Kg6 {[%emt 0:00:02] An even fight not without its subleties.   Weighted Error Value: White=0.05 (flawless) /Black=0.04 (flawless)} 1/2-1/2

[Event "FIDE Womens Candidates Pool-B 2022-23"]
[Site "Khiva"]
[Date "2022.12.05"]
[Round "1.7"]
[White "Tan, Zhongyi"]
[Black "Lagno, Kateryna"]
[Result "1/2-1/2"]
[ECO "D23"]
[WhiteElo "2514"]
[BlackElo "2563"]
[Annotator "TA"]
[PlyCount "137"]
[EventDate "2022.11.28"]
[EventType "k.o."]
[EventCountry "UZB"]
[SourceTitle "playchess.com"]
[Source "ChessBase"]
[SourceQuality "1"]
[TimeControl "900+10"]

1. d4 d5 2. c4 e6 3. Nf3 Nf6 4. Nc3 dxc4 5. Qa4+ Nc6 6. a3 {[%emt 0:00:01] Prevents Bb4. D23: Queen's Gambit Accepted: 3 Nf3 Nf6 sidelines.} Bd6 {[%emt 0:00:18] [#]} 7. g3 $146 ({Predecessor:} 7. e4 Be7 8. Bxc4 O-O 9. Be2 a6 10. O-O Rb8 11. Rd1 b5 12. Qc2 Bb7 13. Be3 {1-0 (116) Mozharov,M (2558)-Sadhwani,R (2479) Chess.com INT 2019}) 7... O-O 8. Bg2 e5 9. Qxc4 exd4 10. Nxd4 Ne5 11. Qa4 Bc5 12. Be3 (12. Nf3 $11 {is more appropriate.} Nxf3+ 13. Bxf3) 12... Bd7 $15 13. Qd1 (13. Qc2 $15) 13... Nfg4 $17 14. Bf4 Ng6 $1 15. e3 (15. Bxb7 $2 Nxf4 $1 16. gxf4 Qh4 $1 $19) (15. O-O $17 {is a better defense.}) 15... Nxf4 $19 16. gxf4 Qh4 17. Qd2 Bxd4 (17... Nxh2 18. O-O-O $16 (18. Bxb7 Bg4 $17)) 18. exd4 Rfe8+ (18... Nxh2 19. O-O-O $18) 19. Kf1 Bf5 {[%emt 0:00:26][%cal Of5d3] Hoping for ...Bd3+!} (19... Nxh2+ 20. Kg1 $18) 20. Re1 {[%emt 0:01:33] [#]} Bd3+ 21. Kg1 {[%emt 0:00:02][%cal Og2b7] [#]} Nxf2 $1 22. Re3 (22. Rxe8+ Rxe8 23. Qxf2 Re1+) 22... Rxe3 (22... Nxh1 $2 23. Rxd3 Re1+ 24. Bf1 $17) 23. Qxe3 Ng4 (23... Nxh1 $19 {is more deadly.} 24. Bxb7 Rb8 25. Bxh1 Bc4) 24. Qg3 $17 Qf6 (24... Qxg3 $17 25. hxg3 Nf6) 25. Qxd3 $14 {[%emt 0:00:04] aiming for h3.} Qxf4 {[%emt 0:00:01][%csl Gg4][%cal Rf4f2] [#]} 26. Bf3 $1 (26. Bxb7 $2 Qf2#) (26. Nd1 $2 Re8 27. Qf1 Qd2 $19) 26... Re8 (26... Qc1+ $142 27. Nd1 Nf6) 27. Ne2 $16 (27. Bxb7 $2 Qf2#) 27... Qg5 28. Bxg4 (28. Bxb7 Re3 29. Qd1 {[#]} Rf3 $3 $19 ) (28. h4 $16 Ne5+ 29. hxg5 Nxd3 30. Nc3) 28... Qxg4+ 29. Kf2 ({Reject} 29. Ng3 h5 30. h3 Qg5 $11) 29... Qh4+ 30. Kg2 (30. Qg3 $16 Qf6+ 31. Qf3) 30... Qg5+ $11 {[%emt 0:00:20] The position is equal.} 31. Ng3 Re3 32. Qc4 b5 33. Qc6 {[%emt 0:00:56] Threatening mate with Qa8+.} h5 $1 34. Rf1 (34. Qxc7 Qd5+ 35. Kg1 Qxd4 36. Qc8+ Re8+ 37. Kf1 Rxc8 38. Ne2 Qd2 39. Kf2 Rc5 40. Re1 Rf5+ 41. Kg2 Qxe1 42. Ng3 Qf2+ 43. Kh1 Rd5 44. h4 Rd1+) 34... h4 {[%emt 0:00:08][%mdl 64] Pin} 35. Qxc7 ({Don't go for} 35. Kh1 $2 hxg3 36. Qb7 Kh7 $19) 35... hxg3 36. Qxf7+ {[%emt 0:00:15][%mdl 4096] Endgame KQR-KQR} Kh7 37. Qf5+ Qxf5 38. Rxf5 gxh2 {[%emt 0:00:08] And now ...Re2+ would win.} 39. Rxb5 {[%emt 0:00:17] KR-KR} Re2+ 40. Kh1 Kh6 41. d5 g5 {[%emt 0:00:07][%cal Bg7g5,Bg5g4,Bg4g3][%mdl 32] Threatens to win with ...g4.} 42. d6 g4 43. Rd5 {[%emt 0:00:27] Against g3} g3 $1 {[%emt 0:00:18] ( -> ...Re1+)} 44. Rd1 {[%emt 0:00:01] Against Re1+. White threatens d7 and mate.} Re8 $1 45. Kg2 Rg8 46. d7 {[%emt 0:00:02] Dancing on a razor blade.} Rd8 47. Kxg3 Rxd7 $1 48. Rh1 Rd3+ 49. Kxh2 Kg5 50. Rg1+ Kf4 51. Rg2 a5 52. Kg1 Rd1+ 53. Kf2 Rd2+ 54. Kf1 Rd5 55. Ke2 Kf5 56. Ke3 Ke6 57. Ke4 {[%emt 0:00:06] Intending Rg6+ and mate.} Rb5 58. Rd2 a4 59. Ke3 Ke5 60. Ke2 Ke4 61. Kd1 Ke5 62. Kc1 Rc5+ 63. Rc2 Kd4 64. Kd1 Rxc2 65. Kxc2 Kc4 66. Kc1 Kb3 67. Kb1 Kc4 68. Kc2 Kd4 69. Kd2 {[%emt 0:00:06] Weighted Error Value: White=0.17 (very precise) /Black=0.14 (very precise)} 1/2-1/2